 Dungeon Crawl Stone Soup version 0.29-a0-330-g52719c12eb (webtiles) character file.

Game seed: 3060818772768282803

266 Ajdolov the Magician (level 6, -2/46 HPs)
             Began as a Djinni Earth Elementalist on May 13, 2022.
             Was an Initiate of Ashenzari.
             Slain by a sky beast (4 damage)
             ... on level 4 of the Dungeon.
             The game lasted 00:05:31 (4467 turns).

Ajdolov the Magician (Djinni Earth Elementalist)    Turns: 4467, Time: 00:05:32

Health: -2/46      AC:  3    Str:  7    XL:     6   Next: 44%
Gold:   202        EV: 12    Int: 19    God:    Ashenzari [......] SH:  0 Dex: 13

rFire   + + .      SeeInvis .   j - +1 whip (elec)
rCold   x . .      Faith    .   (no shield)
rNeg    . . .      Spirit   .   b - +0 robe
rPois   ∞          Reflect  .   (no helmet)
rElec   .          Harm     .   w - +0 cloak
rCorr   .          Rampage  .   (no gloves)
Will    .....                   (boots unavailable)
Stlth   ++........              (no amulet)
HPRegen 0.15/turn               (no ring)
MPRegen 0.00/turn               (no ring)

@: flying, very slightly contaminated
A: sickness immunity, fire resistance 2, cold vulnerability 1, float, innate
caster, HP casting, extra vitality 1
a: Renounce Religion


You were on level 4 of the Dungeon.
You worshipped Ashenzari.
Ashenzari was noncommittal.
You visited 2 branches of the dungeon, and saw 6 of its levels.

You collected 202 gold pieces.

Inventory:

Hand Weapons
 j - a +1 whip of electrocution (weapon)
Missiles
 a - 53 stones
Armour
 b - a +0 robe (worn)
 w - a +0 cloak (worn)
Wands
 m - a wand of polymorph (10)
 r - a wand of iceblast (5)
Scrolls
 c - a scroll of enchant weapon {unknown}
 d - 2 scrolls of summoning {unknown}
 h - 2 scrolls of enchant armour {unknown}
 i - 5 scrolls of identify {unknown}
 k - 2 scrolls of fear {unknown}
 s - 2 scrolls of teleportation {unknown}
 u - a scroll of blinking {unknown}
 v - a scroll of fog {unknown}
Potions
 e - a potion of might {unknown}
 g - a potion of ambrosia {unknown}
 l - 2 potions of heal wounds {unknown}
 n - a potion of mutation {unknown}
 o - a potion of magic {unknown}
 p - 2 potions of flight {unknown}
 q - a potion of lignification {unknown}
 t - a potion of brilliance {unknown}
 x - a potion of curing {unknown}


   Skills:
 + Level 3.1 Fighting
 - Level 2.1 Dodging
 - Level 1.5 Stealth
 * Level 4.5 Spellcasting


You had one spell level left.
You knew the following spells:

 Your Spells              Type           Power      Damage    Failure   Level
a - Sandblast             Erth           42%        2d11      1%          1
b - Passwall              Tmut/Erth      17%        N/A       3%          2
c - Stone Arrow           Conj/Erth      42%        3d9       6%          3
d - Petrify               Tmut/Erth      21%        N/A       21%         4
e - Summon Small Mammal   Summ           84%        N/A       1%          1
f - Blink                 Tloc           42%        N/A       3%          2
Your spell library was empty.

Dungeon Overview and Level Annotations

Branches:
Dungeon (5/15)             Temple (1/1) D:4

Altars:
Ashenzari
Cheibriados
Dithmenos
Elyvilon
Fedhas
Gozag
Kikubaaqudgha
Makhleb
Nemelex Xobeh
Okawaru
Sif Muna
Trog
Uskayaw
Vehumet
Xom
Zin
The Shining One


Innate Abilities, Weirdness & Mutations

You are immune to sickness and miasma.
You are immune to poison.
Your flesh is very heat resistant. (rF++)
You are vulnerable to cold. (rC-)
You float through the air rather than walking.
You learn spells naturally, not from books.
Your magical power is your life essence.
You have superior vitality. (+4 MHP)


Message History

The orc shouts!
The sky beast closely misses you.
Unknown command.
The sky beast attacks as you move away! The sky beast hits you.
The sky beast shocks you. The sky beast attacks as you move away!
The sky beast closely misses you. The sky beast attacks as you move away!
The sky beast hits you. The sky beast shocks you.
There is a stone staircase leading up here.
You are too injured to fight recklessly!
Unknown command.
Aiming: Stone Arrow (dangerous; 6% risk of failure)
Press: ? - help, Q - select action, (/) - cycle Shift-Dir - straight line, f/p - sky beast
Aim: a sky beast (heavily wounded, 60% to hit)
Okay, then.
The sky beast flickers out of sight!
Deactivating autopickup; reactivate with Ctrl-A.
Something hits you. Something shocks you.
* * * LOW HITPOINT WARNING * * *
You fly upwards.
Reactivating autopickup.
There is a stone staircase leading down here.
Unknown command.
A sky beast appears from thin air!
The sky beast hits you.
* * * LOW HITPOINT WARNING * * *
The sky beast shocks you.
* * * LOW HITPOINT WARNING * * *
Aiming: Stone Arrow (dangerous; 6% risk of failure)
Press: ? - help, Q - select action, (/) - cycle Shift-Dir - straight line, f - sky beast
Aim: a sky beast (rain, heavily wounded, 60% to hit)
The stone arrow hits the sky beast!
The sky beast is severely wounded.
* * * LOW HITPOINT WARNING * * *
The sky beast closely misses you.
Aiming: Iceblast
Press: ? - help, Shift-Dir - straight line, p - sky beast The mass of ice explodes!
The iceblast engulfs the sky beast.
The sky beast is almost dead.
The sky beast hits you.
You die...

#...######.###.###.# #.#
#.......##.......#.# #.#
###.###.######.#.#.## #.#
#.....# #.#....# #.#
#..##.######.#....# #.#
#..#..............####.#
#<)##.########.........#
######)##...........########
#####..........Y@.#######
...............>#.#
.###............#.#
.###............#.#
...'............#.######
.###.....<......#......# .#
#............######.# .#
#............# #.# .#
#............# #.#


You could see a sky beast.

Vanquished Creatures
  A necrophage (D:4)
  A scorpion (D:3)
  An orc wizard (D:3)
  3 gnolls (D:2)
  An adder (D:2)
  3 dart slugs
  7 orcs
  6 bats
  7 endoplasms
  3 giant cockroaches
  4 goblins
  3 hobgoblins
  12 jackals
  5 quokkas
  4 ball pythons
  5 kobolds
  3 rats
69 creatures vanquished.

Notes
Turn   | Place    | Note
-------+----------+-------------------------------------------
     0 | D:1      | Ajdolov the Djinni Earth Elementalist began the quest for
                  | the Orb.
     0 | D:1      | Reached XP level 1. HP: 15/15 MP: 0/0
     4 | D:1      | Found a faded altar of an unknown god.
   311 | D:1      | Reached XP level 2. HP: 21/22 MP: 0/0
   611 | D:1      | Reached skill level 1 in Fighting
   818 | D:1      | Reached skill level 3 in Spellcasting
   818 | D:1      | Reached XP level 3. HP: 25/27 MP: 0/0
   818 | D:1      | Learned a level 1 spell: Summon Small Mammal
  1245 | D:2      | Reached XP level 4. HP: 27/33 MP: 0/0
  2313 | D:3      | Reached XP level 5. HP: 38/38 MP: 0/0
  2313 | D:3      | Learned a level 2 spell: Blink
  3373 | D:3      | Reached skill level 4 in Spellcasting
  3373 | D:3      | Reached XP level 6. HP: 3/45 MP: 0/0
  4057 | D:4      | Found a staircase to the Ecumenical Temple.
  4063 | D:4      | Found a burning altar of Makhleb.
  4071 | Temple   | Entered the Ecumenical Temple
  4132 | Temple   | Became a worshipper of Ashenzari the Shackled
  4166 | D:4      | Noticed a balrug
  4452 | D:5      | Entered Level 5 of the Dungeon
  4455 | D:5      | Noticed a sky beast
  4467 | D:4      | Slain by a sky beast

Illustrated notes

Levels and vault maps discovered:
D:1:      ncdulo_lavacross, layout_basic, basic_ecumenical_altar,
          chequers_jeans, chequers_serial_rivers_small_3
D:2:      layout_loops_ring, minmay_misc_feat_hallway
D:3:      layout_loops_ring
D:4:      layout_basic, makhleb_altar_promises_db,
          minmay_temple_entry_statues_pillars
D:5:      lemuel_castle_with_subvaults [lemuel_castle_interior_carwin_1],
          layout_rooms, serial_glass, glass_columns_a, glass_columns_a,
          uniq_pikel
Temple:   compressed_dpeg_circular_temple

Skill      XL: |  1  2  3  4  5  6 |
---------------+-------------------+-----
Fighting       | 1 2 3 |  3.1
Spellcasting   | 3 4 |  4.5
Dodging        | |  2.1
Stealth        | |  1.5

Action                   |  1- 3 |  4- 6 || total
-------------------------+-------+-------++-------
Melee: Whip              |       |    85 ||    85
 Cast: Sandblast         |    32 |    48 ||    80
       Stone Arrow       |       |     7 ||     7
Evoke: Wand              |       |     1 ||     1
 Stab: Sleeping          |       |     1 ||     1
Armor: Robe              |     3 |    13 ||    16
Dodge: Dodged            |     5 |    72 ||    77
       Repelled          |     1 |     3 ||     4

Table legend: (Time is in decaauts)
 A = Elapsed time spent in this place.
 B = Non-inter-level travel time spent in this place.
 C = Inter-level travel time spent in this place.
 D = Time resting spent in this place.
 E = Time spent auto-exploring this place.
 F = Levels seen in this place.
 G = Mean time per level.
                   A        B        C        D        E       F      G
               +--------+--------+--------+--------+--------+-----+--------+
         Total |   4479 |   4346 |    133 |    964 |   2819 |   6 |  746.5 |
       Dungeon |   4387 |   4283 |    104 |    964 |   2776 |   5 |  877.4 |
        Temple |     91 |     62 |     29 |      0 |     43 |   1 |   91.0 |
               +--------+--------+--------+--------+--------+-----+--------+

Top non-repeatable levels by time:
     D:3: 1384 daAuts
     D:1: 1175 daAuts
     D:2: 1070 daAuts
     D:4: 745 daAuts
  Temple: 91 daAuts
     D:5: 11 daAuts
